 Dungeon Crawl Stone Soup version 0.28.0-53-g5a82cb258f (webtiles) character file.

Game seed: 7867105238391247058

74 DocClef the Skirmisher (level 4, -1/42 HPs)
             Began as a Draconian Fighter on June 15, 2022.
             Killed by nerve-wracking pain
             ... invoked by Grinder
              (8 damage)
             ... on level 3 of the Dungeon.
             The game lasted 00:01:49 (2016 turns).

DocClef the Skirmisher (Draconian Fighter)          Turns: 2016, Time: 00:01:50

Health: -1/42      AC:  5    Str: 21    XL:     4   Next: 9%
Magic:  4/4        EV: 11    Int:  8    God:
Gold:   38         SH:  4    Dex: 10    Spells: 3/3 levels left

rFire   . . .      SeeInvis .   g - +2 dagger (elec)
rCold   . . .      Faith    .   b - +0 buckler
rNeg    . . .      Spirit   .   (armour unavailable)
rPois   .          Reflect  .   (helmet restricted)
rElec   .          Harm     .   (no cloak)
rCorr   .          Rampage  .   (no gloves)
Will    .....                   (no boots)
Stlth   +.........              (no amulet)
HPRegen 0.14/turn               (no ring)
MPRegen 0.09/turn               (no ring)

@: no status effects
A: AC +5, unfitting armour, cold-blooded
a: no special abilities


You were on level 3 of the Dungeon.
You visited 1 branch of the dungeon, and saw 3 of its levels.

You collected 38 gold pieces.

Inventory:

Hand Weapons
 a - a +0 war axe
 g - a +2 dagger of electrocution (weapon)
Armour
 b - a +0 buckler (worn)
Scrolls
 d - a scroll of fear {unknown}
 e - 2 scrolls of identify {unknown}
 h - a scroll of teleportation {unknown}
 i - a scroll of vulnerability {unknown}
 j - a scroll of fog {unknown}
 l - a scroll of immolation {unknown}
 m - a scroll of acquirement {unknown}
Potions
 c - a potion of might
 f - a potion of berserk rage {unknown}
 k - a potion of ambrosia {unknown}
 n - a potion of curing {unknown}


   Skills:
 + Level 5.5 Fighting
 - Level 2.0 Axes
 - Level 2.6 Dodging
 - Level 3.0 Shields


You had 3 spell levels left.
You didn't know any spells.
Your spell library was empty.

Dungeon Overview and Level Annotations

Branches:
Dungeon (3/15)

Altars:

Annotations:
D:3 Grinder


Innate Abilities, Weirdness & Mutations

Your plain brown scales are hard. (AC +5)
You cannot fit into any form of body armour.
You are cold-blooded and may be slowed by cold attacks.


Message History

Grinder is lightly wounded.
Grinder hits you but does no damage.
You hit Grinder but do no damage.
Grinder is lightly wounded.
Grinder hits you.
You writhe in agony.
You closely miss Grinder.
Grinder is lightly wounded.
Grinder hits you!
You hit Grinder.
You tail-slap Grinder, but do no damage.
Grinder is lightly wounded.
Grinder gestures at you.
You barely resist. You hit Grinder. Lightning courses through Grinder!
Grinder is severely wounded.
Grinder hits you.
You writhe in agony.
You are too injured to fight recklessly!
You are too injured to fight recklessly!
You are too injured to fight recklessly!
You hit Grinder.
Grinder is severely wounded.
Grinder hits you.
You hit Grinder.
Grinder is severely wounded.
Grinder gestures at you. Pain shoots through your body!
Grinder gestures at you. Pain shoots through your body!
* * * LOW HITPOINT WARNING * * *
You hit Grinder.
Grinder is almost dead.
Grinder gestures at you. Pain shoots through your body!
* * * LOW HITPOINT WARNING * * *
Unknown command.
You hit Grinder.
Grinder is almost dead.
Grinder gestures at you. Pain shoots through your body!
You die...

#.###.# ## #.# #.#
.# #. #.# #.#
.#.#...##.###.####
................###
.....#.##.###......#
## .. #.# ####.#.# .
#. #.######.#.### .#
# ........@5...#
.........#.#.#
#.#######.#.# #. #.#
# #.# ... ..# ..#


You could see Grinder.

Vanquished Creatures
  2 adders (D:2)
  A worm (D:2)
  2 dart slugs (D:1)
  2 orcs (D:3)
  6 ball pythons
  7 bats
  4 endoplasms
  2 giant cockroaches
  5 goblins
  5 hobgoblins
  2 quokkas
  A frilled lizard (D:2)
  3 kobolds
  4 rats
46 creatures vanquished.

Vanquished Creatures (others)
  2 plants (D:3)
2 creatures vanquished.

Grand Total: 48 creatures vanquished

Notes
Turn   | Place    | Note
-------+----------+-------------------------------------------
     0 | D:1      | DocClef the Draconian Fighter began the quest for the Orb.
     0 | D:1      | Reached XP level 1. HP: 19/19 MP: 1/1
   168 | D:1      | Reached XP level 2. HP: 27/27 MP: 2/2
   187 | D:1      | Reached skill level 4 in Fighting
   645 | D:1      | Found a faded altar of an unknown god.
   902 | D:2      | Reached XP level 3. HP: 34/34 MP: 3/3
  1118 | D:2      | Reached skill level 5 in Fighting
  1665 | D:2      | Reached XP level 4. HP: 38/42 MP: 4/4
  2006 | D:3      | Noticed Grinder
  2016 | D:3      | Killed from afar by Grinder

Illustrated notes

Levels and vault maps discovered:
D:1:      psy_arrival_fountain, layout_rooms, hellmonk_ecumenical_altar_zigzags
D:2:      layout_basic
D:3:      layout_loops_ring, chequers_big_river, minivault_26, uniq_grinder

Skill      XL: |  1  2  3 |
---------------+----------+-----
Fighting       | 4 5 |  5.5
Axes           | |  2.0
Dodging        | |  2.6
Shields        | |  3.0

Action                   |  1- 3 |  4- 6 || total
-------------------------+-------+-------++-------
Melee: War axe           |    37 |       ||    37
       Dagger            |    66 |    22 ||    88
       Tailslap          |    10 |     3 ||    13
 Stab: Sleeping          |     4 |       ||     4
Armor: Skin              |    25 |     5 ||    30
Dodge: Dodged            |    67 |     5 ||    72
Block: Buckler           |    27 |     1 ||    28
